 Dungeon Crawl Stone Soup version 0.27.0-1-g7a089689b8 (webtiles) character file.

Game seed: 13472732137120767759

141 Spaninq the Skirmisher (level 5, -1/42 HPs)
             Began as a Mummy Monk on Aug 8, 2021.
             Was a Believer of Yredelemnul.
             Slain by an ogre (29 damage)
             ... on level 4 of the Dungeon.
             The game lasted 00:08:03 (3879 turns).

Spaninq the Skirmisher (Mummy Monk)                 Turns: 3879, Time: 00:08:03

Health: -1/42      AC:  3    Str: 21    XL:     5   Next: 3%
Magic:  0/6        EV: 12    Int: 10    God:    Yredelemnul [**....]
Gold:   129        SH:  0    Dex: 14    Spells: 6/6 levels left

rFire    x . .     SeeInvis .   a - +0 hand axe
rCold    + . .     Faith    .   (no shield)
rNeg     + + +     Spirit   +   f - +0 leather armour
rPois    ∞         Reflect  .   (no helmet)
rElec    .         Harm     .   (no cloak)
rCorr    .         Rampage  .   (no gloves)
Will     .....                  (no boots)
Stlth    ++........             i - amulet of guardian spirit
HPRegen  0.14/turn              n - +6 ring of strength
MPRegen  0.10/turn              (no ring)

@: no status effects
A: cold resistance 1, negative energy resistance 3, torment resistance 2, heat
vulnerability 1, no potions
a: Renounce Religion, Animate Remains, Recall Undead Slaves, Injury Mirror


You were on level 4 of the Dungeon.
You worshipped Yredelemnul.
Yredelemnul was pleased with you.
You visited 1 branch of the dungeon, and saw 6 of its levels.

You collected 129 gold pieces.

Inventory:

Hand Weapons
 a - a +0 hand axe (weapon)
 d - a +0 war axe
Armour
 f - a +0 leather armour (worn)
 l - a +0 chain mail
Jewellery
 i - an amulet of guardian spirit (around neck)
 j - a ring of fire
 n - a +6 ring of strength (left hand)
Scrolls
 b - 2 scrolls of brand weapon {unknown}
 c - 5 scrolls of teleportation {unknown}
 e - a scroll of fear {unknown}
 g - 3 scrolls of identify {unknown}
 h - 2 scrolls of noise {unknown}
 k - a scroll of blinking {unknown}
 m - a scroll of fog {unknown}


   Skills:
 + Level 4.0 Fighting
 * Level 4.0 Axes
 - Level 2.4 Dodging
 - Level 1.5 Stealth
 - Level 1.0 Spellcasting


You had 6 spell levels left.
You didn't know any spells.
Your spell library was empty.

Dungeon Overview and Level Annotations

Branches:
Dungeon (6/15)
 Temple: D:4-7

Altars:
Ashenzari
Yredelemnul


Innate Abilities, Weirdness & Mutations

You are immune to poison.
Your flesh is cold resistant. (rC+)
You are immune to negative energy. (rN+++)
You are immune to unholy pain and torment.
You are vulnerable to heat. (rF-)
You do not drink.


Message History

The iguana bites you but does no damage.
You completely miss the iguana.
The iguana is almost dead.
The iguana bites you.
You closely miss the iguana.
The iguana is almost dead.
The iguana bites you. The iguana bites you!
You hit the iguana.
You kill the iguana!
Yredelemnul accepts your kill.
Your Fighting skill increases to level 4!
Your Axes skill increases to level 4!
You have reached level 5!
You feel clever.
There is a stone staircase leading up here.
You start resting.
There is a strange disturbance nearby!
You hear a shout!
You climb upwards.
There is a stone staircase leading down here.
You swap places.
You swap places.
There is a large open door, spattered with blood here.
Things that are here:
5 boomerangs; a +0 flail
There is a large open door here.
Magic restored.
There is a stone staircase leading down here.
You start resting.
HP restored.
You climb downwards.
Your mindless thralls stay behind.
There is a stone staircase leading up here.
A kobold comes into view. It is wielding a +0 dagger of venom.
The ogre shouts!
You barely miss the ogre. The ogre hits you with a +0 giant club!
There is a stone staircase leading up here.
The ogre hits you with a +0 giant club!!
Ouch! That really hurt!
You die...
Yredelemnul claims you as an undead slave.

.. ..# ###.##.##
........## .......o.#
#### .........# #...
.........# #.##
.........# #.#
.........###
##########.##
...###..##@#
#..........#. #.>KO.#
#.##########. #####.#
#.#.....Z..#. #.#
#.#.##..##.#. #.#
#.#.##...#.#Z ######.#
#.#.##...#...
#......####.#.###..####
#.######....#......#
#.# #.####.####.#


You could see an ogre and a kobold.

Vanquished Creatures
  A centaur zombie (D:3)
  An iguana (D:4)
  2 adders
  A white imp (D:4)
  2 dart slugs (D:2)
  3 orcs (D:3)
  4 bats
  3 endoplasms
  3 giant cockroaches
  5 goblins
  2 hobgoblins
  8 kobolds
  3 quokkas (D:1)
  9 ball pythons
  3 frilled lizards
  6 rats
56 creatures vanquished.

Vanquished Creatures (collateral kills)
  A dart slug (D:3)
  A goblin (D:3)
2 creatures vanquished.

Vanquished Creatures (others)
  A ball python zombie (D:4)
1 creature vanquished.

Grand Total: 59 creatures vanquished

Notes
Turn   | Place    | Note
-------+----------+-------------------------------------------
     0 | D:1      | Spaninq the Mummy Monk began the quest for the Orb.
     0 | D:1      | Reached XP level 1. HP: 18/18 MP: 1/1
   236 | D:1      | Reached XP level 2. HP: 15/24 MP: 2/2
  1327 | D:2      | Reached XP level 3. HP: 27/29 MP: 3/3
  1452 | D:2      | Found a basalt altar of Yredelemnul.
  1460 | D:2      | Became a worshipper of Yredelemnul the Dark
  1460 | D:2      | Reached * piety under Yredelemnul
  1460 | D:2      | Reached ** piety under Yredelemnul
  2655 | D:3      | You fall into a shaft and drop 3 floors!
  2661 | D:5      | Entered Level 5 of the Dungeon
  2662 | D:5      | Noticed a scorpion
  2676 | D:5      | Noticed a black bear
  2696 | D:4      | Noticed a centaur
  2696 | D:4      | Noticed a black bear
  2966 | D:3      | Found a broken altar of Ashenzari.
  2976 | D:3      | Reached XP level 4. HP: 35/37 MP: 5/5
  3032 | D:3      | Reached skill level 1 in Spellcasting
  3207 | D:3      | Found a faded altar of an unknown god.
  3739 | D:4      | Reached XP level 5. HP: 23/42 MP: 2/6
  3742 | D:4      | Noticed an ogre
  3879 | D:4      | Slain by an ogre

Illustrated notes

Levels and vault maps discovered:
D:1:      lightli_arrival_windingriver, layout_loops_ring
D:2:      layout_loops_ring, serial_co_window_serial, co_window_paths_a,
          co_window_paths_a, co_window_paths_a, co_window_of_opportunity_a,
          co_window_cross_1, co_window_corner_b, co_window_corner_b,
          co_window_broadway_b, co_window_sun, co_window_paths_d,
          glass_columns_a, glass_columns_c, glass_columns_c, glass_columns_c,
          basic_altar
D:3:      layout_basic, ashenzari_altar_1, shapermc_ecumenical_altar_ellora
D:4:      kennysheep_big_flooded_room, layout_basic, uniq_menkaure,
          uniq_sigmund, uniq_ijyb
D:5:      wad_pebble_path, layout_rooms, uniq_pikel
D:6:      minmay_goblin_kobold_castle, layout_gridville,
          cheibrodos_sewer_entry_sluice

Skill      XL: |  1  2  3  4 |
---------------+-------------+-----
Axes           | 3 4 |  4.0
Spellcasting   | 1 |  1.0
Fighting       | 4 |  4.0
Dodging        | |  2.4
Stealth        | |  1.5

Action                   |  1- 3 |  4- 6 || total
-------------------------+-------+-------++-------
Melee: Hand axe          |   131 |    51 ||   182
Invok: Animate Remains   |     9 |     5 ||    14
 Stab: Sleeping          |     3 |       ||     3
Armor: Robe              |     8 |       ||     8
       Leather armour    |    18 |    19 ||    37
Dodge: Dodged            |    82 |    26 ||   108
